 Dungeon Crawl Stone Soup version 0.20.1-1-g8b1a95d66d (webtiles) character file.

1700 Jynx the Transmogrifier (level 8, -2/61 HPs)
             Began as a Yellow Draconian Transmuter on Dec 27, 2017.
             Slain by an orc wizard
             ... wielding a +0 dagger
              (3 damage)
             ... on level 5 of the Dungeon.
             The game lasted 00:10:05 (4582 turns).

Jynx the Transmogrifier (DrTm)                      Turns: 4582, Time: 00:10:06

Health: -2/61      AC:  7    Str: 12    XL:     8   Next: 73%
Magic:  4/17       EV: 12    Int: 14    God:
Gold:   216        SH:  0    Dex: 14    Spells: 5/20 levels left

rFire    . . .     SeeInvis .     - Unarmed
rCold    . . .     Gourm    .   (no shield)
rNeg     . . .     Faith    .   (armour unavailable)
rPois    .         Spirit   .   (helmet restricted)
rElec    .         Reflect  .   (no cloak)
rCorr    +         Harm     .   m - -1 pair of gloves (curse)
MR       .....                  l - +0 pair of boots
Stlth    +++.......             (no amulet)
Regen    0.2/turn               (no ring)
MPRegen  0.2/turn               (no ring)

@: very slightly contaminated
A: spit acid, acid resistance, unfitting armour, cold-blooded, AC +6
a: Breathe Acid


You were on level 5 of the Dungeon.
You were near starving.

You visited 1 branch of the dungeon, and saw 5 of its levels.

You collected 216 gold pieces.

Inventory:

Missiles
 a - 55 arrows
Armour
 e - a +0 pair of gloves
 l - a +0 pair of boots (worn)
 m - a cursed -1 pair of gloves (worn)
Jewellery
 z - an uncursed ring of protection from cold {unknown}
Wands
 v - a wand of lightning (5/15)
Scrolls
 f - 2 scrolls of magic mapping
 j - a scroll of blinking
 q - a scroll of amnesia
 u - a scroll of immolation
 x - 2 scrolls of remove curse
 B - 2 scrolls of teleportation
Potions
 d - a potion of mutation
 g - a potion of agility
 h - 3 potions of flight
 i - a potion of haste
 k - a potion of might {unknown}
 o - a potion of curing
 p - a potion of resistance
 r - a potion of cancellation
 w - a potion of lignification {unknown}
Books
 b - a book of Changes

   Spells                             Type                      Level
   a - Beastly Appendage              Transmutation                1
   b - Sticks to Snakes               Transmutation                2
   c - Spider Form                    Transmutation/Poison         3
   d - Ice Form                       Ice/Transmutation            4
   e - Blade Hands                    Transmutation                5
 y - a book of Geomancy

   Spells                             Type                      Level
   a - Sandblast                      Earth                        1
   b - Passwall                       Transmutation/Earth          2
   c - Stone Arrow                    Conjuration/Earth            3
   d - Petrify                        Transmutation/Earth          4
   e - Lee's Rapid Deconstruction     Earth                        5
Comestibles
 c - 3 bread rations
 n - 2 royal jellies
 s - 4 fruits
 t - 3 meat rations


   Skills:
 + Level 2.2 Fighting
   Level 5.3 Short Blades
 - Level 1.7 Dodging
 - Level 6.7 Stealth
 + Level 3.4 Unarmed Combat
 - Level 6.5 Spellcasting
 - Level 10.0 Transmutations
 + Level 0.2 Ice Magic


You had 5 spell levels left.
You knew the following spells:

 Your Spells              Type           Power        Failure   Level  Hunger
a - Beastly Appendage     Tmut           ####..       1%          1    None
b - Sticks to Snakes      Tmut           ####....     1%          2    #......
c - Spider Form           Tmut/Pois      ###.......   6%          3    ##.....
d - Ice Form              Ice/Tmut       ###.....     19%         4    ####...
e - Blade Hands           Tmut           ####......   7%          5    ######.


Dungeon Overview and Level Annotations

Branches:
Dungeon (5/15)
 Temple: D:4-7

Altars:


Innate Abilities, Weirdness & Mutations

You can spit globs of acid.
You are resistant to acid.
Your golden yellow scales are hard. (AC +6)
You cannot fit into any form of body armour.
You are cold-blooded and may be slowed by cold attacks.


Message History

You kill the orc priest!
The orc wizard hits you with a dagger. The orc hits you but does no damage.
You closely miss the orc. The orc barely misses you.
The orc wizard gestures at you while chanting.
The puff of flame hits you!
* * * LOW HITPOINT WARNING * * *
The orc closely misses you. The orc completely misses you.
You hit the orc wizard but do no damage.
The orc wizard barely misses you. The orc hits you with a flail.
* * * LOW HITPOINT WARNING * * *
The orc wizard hits you with a dagger.
* * * LOW HITPOINT WARNING * * *
The orc hits you.
* * * LOW HITPOINT WARNING * * *
Blink to where?
Press: ? - help, Dir - move target cursor
As you read the scroll of blinking, it crumbles to dust.
The orc wizard mumbles some strange words.
The orc wizard blinks!
The orc wizard hits you with a dagger.
You die...

#(..#.?...#
#.#.o.o)o..# #
....###oo..# .#
....#.#.ยง.#####.#
.o###o###..#....#
#..:. #..#...# #
#.###..#...###
#.#....o.....#
.###..#.@####.####
.........#........
.##....?......#
#### #......#..#.#
...# ###.........#
...#####
####....%..#.#
.......#
........##.# #
...###.#
####.......#.#
...# #.#
###.......#


You could see 2 orc wizards and 2 orcs.

Vanquished Creatures
  An ogre (D:4)
  A centaur (D:5)
  The ghost of Noxor the Digger, an amateur HuEE (D:4)
  2 scorpions (D:4)
  A centaur skeleton (D:4)
  A hound (D:4)
  3 orc wizards
  3 orc priests
  An iguana (D:4)
  2 worker ants (D:4)
  A howler monkey skeleton (D:4)
  4 adders
  An ooze (D:1)
  2 worms
  A dart slug (D:2)
  3 leopard geckos
  11 orcs
  2 bats
  4 giant cockroaches
  6 goblins
  7 hobgoblins
  A jackal (D:3)
  10 kobolds
  3 quokkas
  A ball python (D:3)
  8 frilled lizards
  A quokka skeleton (D:5)
  11 rats
93 creatures vanquished.

Vanquished Creatures (collateral kills)
  Pikel (D:4)
  A slave (D:4)
  An orc wizard (D:3)
  A hound skeleton (D:3)
4 creatures vanquished.

Vanquished Creatures (others)
  A leopard gecko (D:4)
1 creature vanquished.

Grand Total: 98 creatures vanquished

Notes
Turn   | Place    | Note
-------+----------+-------------------------------------------
     0 | D:1      | Jynx the Draconian Transmuter began the quest for the Orb.
     0 | D:1      | Reached XP level 1. HP: 16/16 MP: 3/3
   163 | D:1      | Reached XP level 2. HP: 23/23 MP: 3/5
   553 | D:1      | Reached skill level 1 in Stealth
   778 | D:2      | Reached skill level 3 in Transmutations
   778 | D:2      | Reached XP level 3. HP: 21/28 MP: 6/6
   782 | D:2      | Learned a level 2 spell: Sticks to Snakes
   786 | D:2      | Learned a level 3 spell: Spider Form
  1486 | D:3      | Reached XP level 4. HP: 27/35 MP: 5/7
  2045 | D:3      | Reached skill level 4 in Transmutations
  2045 | D:3      | Reached XP level 5. HP: 29/40 MP: 5/9
  2379 | D:4      | Noticed Noxor's ghost (amateur HuEE)
  2398 | D:4      | Killed Noxor's ghost
  2484 | D:4      | Noticed a slave
  2485 | D:4      | Noticed a slave
  2680 | D:4      | Reached XP level 6. HP: 29/47 MP: 6/10
  3130 | D:4      | Reached skill level 5 in Transmutations
  3508 | D:4      | Noticed a slave
  3524 | D:4      | Noticed Pikel
  3529 | D:4      | Killed a slave
  3542 | D:4      | Killed Pikel
  3542 | D:4      | Reached skill level 6 in Transmutations
  3542 | D:4      | Your scales start taking on a golden yellow colour.
  3542 | D:4      | Reached XP level 7. HP: 19/52 MP: 9/13
  3837 | D:4      | Reached skill level 5 in Short Blades
  3837 | D:4      | Reached skill level 10 in Transmutations
  3837 | D:4      | Reached XP level 8. HP: 48/59 MP: 13/17
  3843 | D:4      | Learned a level 4 spell: Ice Form
  3849 | D:4      | Learned a level 5 spell: Blade Hands
  4144 | D:5      | Entered Level 5 of the Dungeon
  4581 | D:5      | HP: 2/61 [orc wizard/dagger (2)]
  4582 | D:5      | Slain by an orc wizard

Skill      XL: |  1  2  3  4  5  6  7  8 |
---------------+-------------------------+-----
Stealth        | 1 2 3 6 |  6.7
Transmutations | 3 4 6 10 | 10.0
Spellcasting   | 3 4 6 |  6.5
Short Blades   | 5 |  5.3
Fighting       | 2 |  2.2
Dodging        | |  1.7
Unarmed Combat | |  3.4
Ice Magic      | |  0.2

Action                   |  1- 3 |  4- 6 |  7- 9 || total
-------------------------+-------+-------+-------++-------
Melee: Unarmed           |   142 |   138 |    78 ||   358
       Headbutt          |    17 |    20 |    11 ||    48
       Tailslap          |    10 |    21 |     5 ||    36
       Kick              |     3 |       |       ||     3
       Punch             |     2 |     1 |     3 ||     6
 Cast: Beastly Appendage |    29 |    14 |     5 ||    48
       Sticks to Snakes  |       |    16 |     2 ||    18
       Blade Hands       |       |       |     4 ||     4
       Ice Form          |       |       |     1 ||     1
  Use: Scroll            |     4 |     6 |     7 ||    17
       Potion            |       |     4 |     1 ||     5
 Stab: Sleeping          |     1 |     3 |       ||     4
       Distracted        |       |     4 |       ||     4
  Eat: Chunk             |     2 |     8 |     4 ||    14
Armor: Skin              |    43 |    30 |    31 ||   104
Dodge: Dodged            |    79 |    86 |    63 ||   228
